Match 25376461
Unlisted

Match 25376461
End
Selects Luftwaffe Battlegroup
Selects Luftwaffe Pioneer Support
Fallschirmpioneer Squad Paradrop
Construct Infanterie Kompanie
MG 42 Machine Gun Team
Fallschirmpioneer Squad Paradrop
Medical Station
Fallschirmpioneer Squad Paradrop
Fallschirmpioneer Squad Paradrop
Construct Panzergrenadier Kompanie
251 Medium Carrier
Selects Luftwaffe Combat Group
AI Takeover
The T
GreeN
max 228
DerBounzer
TidaL
法拉利 戰術大師
0
0

Comments sign in to comment!

No comments posted yet!